Map: Ephemeron LE

Players

Maru

  • Race: Terran Terran
  • Spawn Location: 11:00

TIME (Oliveira) - Winner!

  • Race: Terran Terran
  • Spawn Location: 5:00

Event: 2019 WCS Global FInals

VOD

Have the link to the VOD?

Description

Time

  • Played on: Oct. 24, 2019, 10:54 p.m.
  • Length: 23:48

All games in this series

Show
View Real Time Build Order
Export as new Build Order

Maru Terran 

Build Orders:  

Get SALT Encoding   

  12  0:00  SCV  
  13  0:12  SCV  
  14  0:17  Supply Depot  
  14  0:24  SCV  
  15  0:31  Refinery  
  15  0:38  SCV  
  16  0:44  Barracks  
  16  0:50  SCV  
  16  0:54  Refinery  
  17  1:02  SCV  
  18  1:14  SCV  
  19  1:31  Orbital Command  
  19  1:33  Factory  
  19  1:36  Reaper  
  20  1:46  Supply Depot  
  20  1:58  SCV  
  21  2:08  Reaper  
  21  2:10  SCV  
  22  2:16  Hellion  
  22  2:22  SCV  
  25  2:30  Command Center  
  25  2:35  SCV  
  26  2:39  Factory Tech Lab  
  26  2:40  Barracks Reactor  
  26  2:45  Supply Depot  
  26  2:47  SCV  
  27  2:56  Starport  
  27  3:03  Cyclone  
  30  3:08  SCV  
  31  3:17  Marine x2  
  33  3:20  SCV  
  34  3:32  SCV  
  34  3:33  Medivac  
  37  3:36  Marine  
  37  3:37  Marine  
  39  3:44  Siege Tank, SCV  
  43  3:48  Orbital Command  
  43  3:56  Marine, SCV  
  43  3:57  Marine, Refinery  
  46  4:03  Supply Depot  
  46  4:06  Starport Tech Lab  
  46  4:08  SCV  
  47  4:14  SCV  
  47  4:16  Marine x2  
  50  4:20  Supply Depot  
  50  4:26  Raven  
  50  4:30  SCV x2  
  54  4:40  Siege Tank  
  54  4:42  SCV x2  
  59  4:54  SCV x2  
  61  5:02  Command Center  
  61  5:05  Marine x2  
  61  5:06  SCV x2  
  65  5:11  Raven  
  61  5:18  SCV x2  
  62  5:23  Marine  
  62  5:24  Siege Tank  
  62  5:27  Refinery  
  66  5:30  SCV  
  66  5:31  SCV  
  61  5:42  SCV  
  61  5:43  SCV  
  61  5:47  Barracks  
  61  5:48  Barracks  
  59  5:53  Supply Depot  
  59  5:55  SCV x2  
  59  5:56  Siege Tank  
  64  6:02  Stimpack  
  64  6:05  Viking  
  64  6:06  Viking  
  64  6:07  SCV x2  
  70  6:14  Marine, Orbital Command  
  71  6:19  SCV, Engineering Bay  
  71  6:22  Engineering Bay  
  72  6:29  Siege Tank  
  72  6:31  Marine, SCV x2  
  78  6:35  Barracks Reactor x2  
  78  6:39  Supply Depot  
  78  6:42  Viking x2  
  82  6:48  Orbital Command  
  82  6:49  Terran Infantry Weapons Level 1  
  82  6:50  Marine  
  83  6:54  Supply Depot x2, Terran Infantry Armor Level 1  
  83  6:56  SCV  
  84  7:06  Supply Depot  
  83  7:08  Marine  
  83  7:12  SCV  
  83  7:13  SCV  
  79  7:19  SCV  
  77  7:24  SCV  
  77  7:25  SCV  
  77  7:28  Siege Tank, Marine  
  77  7:29  Marine x4  
  87  7:31  SCV  
  87  7:34  Medivac x2  
  87  7:36  SCV  
  93  7:38  SCV  
  93  7:40  Barracks  
  93  7:41  Barracks  
  93  7:43  Combat Shield, SCV  
  95  7:44  Refinery x2  
  95  7:46  Marine  
  95  7:48  SCV  
  95  7:50  SCV  
  98  7:54  Marine x2  
  98  7:55  Marine x2, SCV  
  103  8:00  SCV  
  103  8:02  SCV  
  103  8:04  Marine  
  106  8:07  Armory, SCV  
  106  8:10  Sensor Tower, Supply Depot  
  106  8:12  Marine  
  107  8:13  SCV  
  107  8:14  SCV  
  107  8:15  Medivac  
  107  8:16  Medivac, Marine x3  
  107  8:19  Supply Depot, SCV  
  118  8:22  Marine  
  118  8:25  SCV  
  118  8:26  SCV  
  121  8:30  Barracks Reactor  
  121  8:31  SCV, Barracks Reactor  
  121  8:33  Marine x2  
  124  8:37  Command Center  
  124  8:40  Siege Tank  
  127  8:46  Marine  
  128  8:49  Marine x2  
  128  8:51  Marine  
  128  8:53  Viking x2  
  135  8:56  Terran Infantry Weapons Level 2  
  135  8:57  Supply Depot  
  135  8:59  Terran Infantry Armor Level 2  
  135  9:06  Terran Vehicle Weapons Level 1, SCV  
  135  9:07  Marine x2  
  138  9:11  Marine x3  
  141  9:17  Factory  
  141  9:18  Marine x3  
  141  9:23  Barracks Reactor  
  144  9:26  Supply Depot  
  144  9:27  Supply Depot x2  
  144  9:37  Marine x5  
  149  9:41  Supply Depot  
  149  9:47  Marine  
  149  9:48  Siege Tank  
  149  9:51  Marine x2  
  155  9:55  Marine x3  
  155  9:56  SCV  
  155  9:57  SCV  
  160  10:00  Marine x2  
  160  10:01  Siege Tank, Marine x2  
  160  10:02  Viking x2  
  171  10:15  Marine  
  171  10:16  Marine  
  173  10:24  Siege Tank  
  173  10:25  Marine x6  
  182  10:30  Supply Depot  
  182  10:31  Sensor Tower  
  182  10:35  Marine  
  182  10:36  Marine x3  
  174  10:56  Marine x2  
  163  11:03  Sensor Tower  
  158  11:05  Planetary Fortress, Marine x2  
  158  11:06  Siege Tank, Marine x2  
  158  11:07  Siege Tank  
  158  11:09  Terran Vehicle Weapons Level 2  
  158  11:10  Starport  
  168  11:11  Starport  
  168  11:13  SCV x3  
  171  11:18  Terran Infantry Weapons Level 3  
  171  11:25  SCV  
  160  11:35  Viking x2  
  160  11:39  Marine x5  
  157  11:46  Siege Tank x2  
  164  11:47  SCV x4  
  164  11:48  Starport Tech Lab  
  164  11:49  Starport Tech Lab  
  167  11:59  SCV x2  
  169  12:05  Marine  
  169  12:06  Marine x3  
  169  12:07  Viking  
  129  12:08  Marine x2  
  129  12:10  Marine  
  129  12:11  Marine  
  129  12:12  Viking x2  
  129  12:13  Viking  
  134  12:16  Marine, SCV x2  
  134  12:22  Terran Infantry Armor Level 3  
  137  12:24  Marine x2  
  139  12:32  Marine x7  
  145  12:46  Command Center  
  145  12:48  Raven x2, Viking  
  151  12:52  Marine x3  
  130  13:00  Marine x2  
  130  13:01  Viking, Siege Tank  
  130  13:03  Siege Tank  
  140  13:17  Marine x3  
  140  13:18  Viking, SCV x2  
  144  13:22  Marine x2  
  146  13:30  Terran Vehicle Weapons Level 3  
  146  13:31  Viking x3, Marine x3  
  146  13:33  Marine x2  
  157  13:39  Marine  
  157  13:40  Marine x3  
  161  13:44  Marine  
  162  13:49  Marine x3  
  162  13:50  Siege Tank  
  162  13:51  Siege Tank  
  162  13:54  SCV  
  174  14:01  Planetary Fortress  
  172  14:04  Marine x3  
  172  14:09  Refinery x2  
  175  14:10  Sensor Tower  
  175  14:11  Marine  
  175  14:12  SCV  
  175  14:13  SCV  
  175  14:25  Marine x2  
  175  14:29  Marine  
  175  14:30  Marine x2  
  175  14:31  Siege Tank x2  
  186  14:32  Raven  
  186  14:35  Refinery  
  186  14:36  Refinery  
  188  14:40  Marine x4  
  192  14:49  Viking  
  188  14:59  Marine x6  
  185  15:08  Marine  
  185  15:11  Viking x2  
  177  15:15  Viking  
  177  15:19  Viking, Marine x3  
  177  15:20  Marine x4  
  175  15:25  Fusion Core  
  175  15:28  Starport  
  175  15:29  Marine x3  
  175  15:31  Starport  
  178  15:36  Sensor Tower  
  178  15:37  Marine x3  
  178  15:41  Command Center  
  181  15:45  Marine  
  181  15:46  Marine x3  
  181  15:47  Marine x2  
  181  15:49  Viking x2  
  191  15:53  Armory  
  191  16:17  Starport Reactor  
  191  16:18  Starport Tech Lab  
  191  16:21  Raven x2, Corvid Reactor, Viking x2  
  199  16:40  Terran Vehicle And Ship Armor Level 1, Terran Ship Weapons Level 1, Missile Turret  
  199  16:41  Missile Turret  
  199  16:42  Weapon Refit, Missile Turret  
  199  16:54  Planetary Fortress  
  199  16:56  Missile Turret x2  
  199  16:57  Sensor Tower  
  199  17:01  Hi-Sec Auto Tracking, Neosteel Armor  
  167  17:29  Marine x3  
  135  17:30  Viking  
  135  17:32  Marine  
  135  17:33  Marine  
  135  17:34  Battlecruiser x3  
  135  17:35  Viking, Marine x2  
  135  17:36  Marine  
  149  17:39  Marine x2, Refinery x2  
  149  17:41  Viking  
  153  17:46  Viking  
  153  17:47  Marine  
  153  17:48  Marine  
  157  17:54  Marine  
  158  18:08  Sensor Tower, Viking x2  
  159  18:21  SCV x2  
  159  18:25  Marine x7  
  159  18:26  Siege Tank x2  
  172  18:38  Battlecruiser  
  172  18:39  Terran Vehicle And Ship Armor Level 2  
  172  18:40  Terran Ship Weapons Level 2  
  177  18:43  Missile Turret  
  177  18:49  Battlecruiser  
  183  19:04  Battlecruiser, Missile Turret  
  189  19:15  Viking x4  
  194  19:26  Marine x3  
  188  19:42  Battlecruiser  
  188  19:45  Viking  
  178  19:54  Battlecruiser  
  175  20:01  Marine x3  
  175  20:03  Viking  
  175  20:04  Marine x2  
  153  20:08  Battlecruiser  
  128  20:19  Marine  
  129  20:21  Factory Tech Lab  
  129  20:22  Marine  
  128  20:32  Barracks Reactor x2  
  128  20:34  SCV  
  128  20:35  SCV x4  
  130  20:36  Marine  
  130  20:40  Starport Reactor, Viking x2  
  135  20:47  SCV x5, Battlecruiser  
  146  20:51  Barracks Reactor  
  146  20:53  Siege Tank  
  149  20:59  SCV  
  150  21:05  Marine x2  
  150  21:08  Raven  
  154  21:22  Battlecruiser  
  154  21:23  Marine x2  
  161  21:29  Viking  
  163  21:39  Marine x3  
  138  21:46  Viking  
  130  21:50  Marine x2  
  119  21:56  Battlecruiser  
  121  22:03  SCV x4  
  121  22:21  Marine x3, Battlecruiser  
  121  22:22  Siege Tank  
  131  22:30  Viking  
  131  22:31  Viking  
  135  22:52  Marine  
  135  22:53  Marine x5, Orbital Command  
  135  22:54  Raven  
  143  23:01  Siege Tank  
  146  23:07  SCV  
  146  23:10  Marine x4  
  146  23:11  Marine x2  
  157  23:14  Medivac x2  
  157  23:19  SCV  
  158  23:28  Marine x6  
Show
View Real Time Build Order
Export as new Build Order

TIME Terran - Winner!

Build Orders:  

Get SALT Encoding   

  12  0:00  SCV  
  13  0:13  SCV  
  14  0:17  Supply Depot  
  14  0:25  SCV  
  15  0:38  SCV  
  15  0:40  Barracks  
  16  0:44  Refinery  
  16  0:50  SCV  
  17  0:59  Barracks  
  17  1:03  SCV  
  18  1:15  SCV  
  19  1:27  Reaper, Orbital Command  
  20  1:34  Supply Depot  
  20  1:47  Reaper  
  20  1:53  SCV  
  22  2:03  Reaper  
  23  2:12  Command Center  
  23  2:16  SCV  
  23  2:21  Bunker  
  24  2:25  Refinery  
  24  2:27  Marine  
  24  2:29  SCV  
  26  2:35  Marine  
  27  2:42  SCV  
  28  2:47  Factory  
  28  2:54  SCV  
  28  2:56  Barracks Reactor  
  29  3:06  SCV  
  30  3:14  Barracks Tech Lab  
  30  3:18  SCV  
  31  3:24  Orbital Command  
  31  3:27  Refinery  
  31  3:30  SCV  
  31  3:32  Starport  
  32  3:36  Cyclone  
  35  3:42  SCV  
  36  3:49  SCV  
  37  3:56  Command Center  
  37  3:59  SCV  
  37  4:00  Barracks Tech Lab  
  37  4:02  SCV  
  39  4:12  SCV  
  39  4:14  Supply Depot, SCV  
  41  4:17  Marine  
  41  4:18  Marine  
  41  4:19  Raven  
  41  4:22  Factory Tech Lab  
  45  4:26  Stimpack  
  45  4:28  SCV  
  46  4:35  SCV  
  46  4:40  SCV  
  46  4:42  Siege Tank  
  46  4:43  Marine  
  46  4:45  Marine x2  
  53  4:47  SCV  
  54  4:58  SCV  
  54  5:04  Marine  
  54  5:07  Marine x2  
  54  5:08  SCV  
  54  5:11  SCV  
  50  5:21  SCV, Orbital Command  
  50  5:22  Marine  
  50  5:25  Marine x2, SCV  
  54  5:30  Starport Reactor  
  54  5:32  Siege Tank  
  54  5:33  SCV  
  53  5:40  Marine  
  53  5:42  SCV  
  53  5:43  Marine x2  
  53  5:48  SCV  
  56  5:50  Barracks  
  56  5:51  SCV  
  56  5:53  Supply Depot  
  56  5:54  SCV  
  58  5:57  Marine  
  58  6:00  SCV  
  58  6:01  Marine x2  
  62  6:07  Medivac x2  
  62  6:08  SCV  
  62  6:09  SCV  
  68  6:15  Supply Depot, Marine  
  68  6:16  Siege Tank  
  68  6:17  Combat Shield  
  68  6:18  Marine x2, SCV  
  73  6:21  SCV  
  76  6:31  SCV  
  76  6:32  Engineering Bay  
  77  6:33  Engineering Bay  
  77  6:35  Refinery  
  77  6:36  Marine x2, SCV  
  77  6:38  Orbital Command  
  80  6:40  Marine  
  80  6:42  Barracks Reactor  
  80  6:44  SCV  
  82  6:48  Supply Depot, SCV  
  82  6:51  Medivac  
  85  7:09  Medivac, Siege Tank, Marine x2, SCV  
  85  7:12  SCV x2  
  85  7:13  Marine  
  90  7:18  Marine x2  
  90  7:21  Terran Infantry Weapons Level 1, Terran Infantry Armor Level 1, SCV  
  79  7:24  SCV x2  
  79  7:27  Marine x2  
  79  7:28  Barracks x2  
  82  7:31  Marine  
  82  7:33  SCV  
  82  7:35  Marine  
  82  7:36  SCV x2  
  87  7:41  Supply Depot  
  87  7:42  Siege Tank, Supply Depot  
  87  7:43  Marine  
  91  7:45  SCV  
  91  7:47  Marine  
  93  7:57  Armory  
  93  7:58  Refinery  
  93  7:59  Refinery  
  93  8:00  Supply Depot  
  93  8:03  Marine x3, SCV x3  
  99  8:05  Marine  
  99  8:06  Supply Depot  
  99  8:09  Medivac  
  99  8:10  Medivac, Marine  
  105  8:15  SCV x3  
  105  8:19  Barracks Reactor  
  108  8:20  Barracks Reactor  
  108  8:21  Marine x2  
  108  8:26  Marine  
  111  8:27  SCV x3  
  111  8:29  Supply Depot  
  111  8:30  Siege Tank  
  111  8:33  Marine  
  118  8:34  Supply Depot, Marine  
  118  8:39  Marine, SCV x3  
  123  8:43  Marine  
  123  8:44  Supply Depot, Marine  
  125  8:50  Viking x2  
  125  8:51  SCV  
  125  8:54  Command Center  
  130  8:58  Marine  
  130  9:00  Factory  
  131  9:04  Marine x2  
  131  9:07  Sensor Tower  
  131  9:08  Terran Vehicle Weapons Level 1  
  133  9:11  Siege Tank  
  133  9:13  Marine x2  
  135  9:17  Marine  
  135  9:18  Terran Infantry Armor Level 2, Terran Infantry Weapons Level 2  
  135  9:21  Marine  
  135  9:22  Supply Depot  
  137  9:24  Marine x2  
  137  9:26  Marine x2  
  141  9:34  Viking x2  
  141  9:38  Marine x2  
  146  9:40  Supply Depot x2  
  146  9:42  Marine  
  148  9:46  Supply Depot, Marine x2  
  148  9:47  Siege Tank  
  148  9:50  Siege Tank, Marine  
  157  9:56  Marine  
  157  10:01  Marine  
  157  10:04  Marine  
  159  10:07  Marine x2  
  159  10:11  Marine  
  159  10:12  Viking x2  
  165  10:16  Marine  
  165  10:17  Marine x2  
  165  10:19  Siege Tank  
  171  10:23  SCV x2  
  171  10:25  Marine  
  171  10:26  Marine x2  
  176  10:30  Siege Tank  
  179  10:35  Marine  
  179  10:38  Marine x3  
  183  10:44  Marine  
  184  10:52  Marine  
  184  10:53  Marine  
  184  10:54  Marine  
  184  10:55  Marine  
  176  10:57  Siege Tank, Marine  
  176  10:58  Marine  
  176  10:59  Marine x2  
  176  11:00  Viking  
  176  11:01  Viking  
  176  11:02  Siege Tank, SCV  
  176  11:03  Planetary Fortress  
  179  11:07  Marine  
  179  11:10  Marine  
  181  11:11  Marine  
  181  11:12  Marine  
  181  11:13  Terran Vehicle Weapons Level 2, Marine  
  181  11:14  SCV x2  
  181  11:17  Marine x2, Missile Turret  
  186  11:21  Marine  
  186  11:23  Marine  
  188  11:27  Marine  
  188  11:32  Marine  
  181  11:36  Marine  
  168  11:40  Medivac x2  
  168  11:41  Siege Tank, Marine x2  
  168  11:46  Fusion Core, Starport  
  177  11:48  SCV, Refinery x2  
  177  11:49  Starport, Command Center  
  177  11:50  Marine  
  177  11:53  Siege Tank, Marine  
  177  11:54  Marine x4  
  183  12:00  Marine  
  188  12:07  Marine x2  
  158  12:10  Marine  
  158  12:12  Medivac x2, Marine x4  
  158  12:13  SCV  
  169  12:15  SCV  
  169  12:19  Marine  
  169  12:20  Siege Tank  
  169  12:21  Marine  
  174  12:25  Marine  
  174  12:28  Starport Reactor, Starport Tech Lab  
  175  12:30  Siege Tank  
  175  12:32  Marine  
  175  12:37  Marine x2  
  179  12:39  Terran Infantry Weapons Level 3, Terran Infantry Armor Level 3  
  180  12:44  Marine  
  180  12:45  Marine x3  
  184  12:57  Siege Tank, Marine  
  157  12:59  Marine x4  
  157  13:02  Marine x2  
  163  13:06  Viking x3  
  160  13:14  Marine x2  
  160  13:15  Marine  
  160  13:16  Marine  
  160  13:17  Marine  
  160  13:19  Marine x2  
  161  13:20  Viking  
  161  13:21  Siege Tank  
  161  13:22  Marine  
  167  13:28  Marine  
  167  13:32  Marine  
  167  13:33  Viking  
  168  13:38  Armory, Terran Vehicle And Ship Armor Level 1  
  168  13:39  Marine x2  
  168  13:40  Marine  
  171  13:42  Viking x2  
  171  13:46  Marine x2  
  171  13:47  Marine  
  178  13:50  Siege Tank  
  181  13:55  Planetary Fortress  
  181  13:58  Marine x2  
  183  14:08  Sensor Tower  
  183  14:13  Viking  
  183  14:15  Missile Turret  
  185  14:17  Sensor Tower  
  185  14:20  Missile Turret  
  185  14:21  Viking x2  
  185  14:22  Viking  
  186  14:26  Viking  
  186  14:27  Marine  
  186  14:28  Marine  
  183  14:38  Siege Tank  
  186  14:43  Viking, Marine  
  189  14:51  Viking  
  189  14:52  Marine  
  180  14:53  Marine x2  
  180  14:55  Viking  
  181  15:00  Terran Ship Weapons Level 1  
  181  15:04  Marine x2, Liberator  
  181  15:05  Liberator, Command Center  
  181  15:06  Marine  
  182  15:07  Siege Tank  
  182  15:11  Marine  
  182  15:12  Marine  
  181  15:15  Marine x2  
  181  15:16  Liberator  
  181  15:18  Marine x2  
  181  15:20  Viking  
  169  15:22  Advanced Ballistics  
  169  15:23  Marine x2  
  169  15:25  Marine  
  168  15:29  Viking  
  173  15:40  Refinery, Liberator, Terran Vehicle And Ship Armor Level 2  
  173  15:41  Refinery  
  169  15:48  Missile Turret x2  
  167  15:50  Marine x2  
  167  15:51  Siege Tank  
  172  15:57  Marine x2, Liberator  
  172  16:03  Marine  
  178  16:04  Siege Tank  
  178  16:10  Sensor Tower  
  181  16:13  Missile Turret x2  
  181  16:14  Missile Turret  
  181  16:17  Liberator  
  184  16:27  Starport x2  
  184  16:28  Starport  
  181  16:37  Marine x2  
  186  16:43  Marine x2  
  188  17:05  Starport Tech Lab  
  188  17:06  Weapon Refit, Terran Ship Weapons Level 2  
  188  17:07  Raven  
  188  17:08  Corvid Reactor, Liberator  
  190  17:09  Planetary Fortress, Starport Tech Lab  
  190  17:10  Starport Tech Lab  
  190  17:11  Refinery  
  190  17:12  Refinery, Missile Turret x2  
  190  17:18  Marine  
  190  17:20  Liberator x2  
  184  17:27  Marine  
  184  17:28  Marine x2  
  154  17:32  Marine  
  154  17:33  Marine  
  154  17:35  Marine  
  152  17:38  Raven x2  
  152  17:40  Siege Tank x2  
  152  17:41  Marine  
  169  17:50  Marine  
  169  17:51  Raven  
  170  17:56  Marine  
  170  17:57  Medivac  
  175  17:58  Marine x3  
  175  18:01  Terran Vehicle And Ship Armor Level 3  
  175  18:04  Marine  
  179  18:06  Marine x3  
  179  18:07  Marine  
  179  18:08  Medivac  
  185  18:16  Marine, Command Center  
  185  18:17  Marine x2  
  185  18:18  Marine  
  189  18:22  Marine  
  189  18:24  Raven x2  
  189  18:25  Marine  
  195  18:29  Marine  
  196  18:36  Command Center  
  196  18:38  Raven  
  196  18:40  Marine x2  
  197  18:48  Marine x2  
  199  18:55  Marine  
  200  19:27  Marine  
  198  19:31  Marine  
  198  19:35  Marine  
  198  19:36  Raven  
  198  19:37  Marine  
  198  19:40  Marine  
  196  19:46  Marine  
  196  19:48  Siege Tank  
  200  19:56  Marine  
  200  19:57  Siege Tank, Marine x2  
  192  20:03  Marine  
  192  20:04  Marine  
  192  20:07  Marine x2  
  160  20:08  Viking x2  
  160  20:09  Marine  
  160  20:10  Battlecruiser x2  
  160  20:11  Viking x2, Marine  
  162  20:14  Marine x2  
  162  20:17  Marine  
  162  20:21  Marine  
  155  20:22  Marine  
  155  20:24  Marine x2  
  155  20:26  Raven  
  155  20:27  Marine  
  155  20:28  Terran Ship Weapons Level 3  
  153  20:29  Marine  
  153  20:30  Siege Tank x2  
  153  20:32  Marine x2  
  153  20:33  Orbital Command  
  153  20:35  Marine  
  162  20:38  Marine, Missile Turret x2  
  162  20:40  Marine, Missile Turret x3  
  162  20:41  Hi-Sec Auto Tracking, Neosteel Armor  
  162  20:42  Marine x2  
  166  20:43  Medivac  
  166  20:44  Marine  
  166  20:47  Medivac  
  172  20:51  Marine  
  172  20:52  Marine  
  172  20:54  Marine x2  
  176  20:57  Marine  
  176  21:00  Marine  
  176  21:04  Viking, Marine x2  
  180  21:08  Marine  
  183  21:13  Marine  
  183  21:14  Sensor Tower  
  183  21:16  Marine x2  
  186  21:18  Raven x2  
  186  21:19  Raven  
  186  21:22  Marine x2  
  177  21:37  Marine  
  177  21:38  Marine  
  170  21:45  Siege Tank  
  160  21:48  Marine  
  160  21:49  Marine  
  160  21:50  Marine x3  
  160  21:52  Viking x4  
  155  21:54  Marine  
  155  21:57  Marine  
  155  21:58  Marine  
  155  22:01  Raven, Marine, Viking  
  149  22:03  Planetary Fortress  
  149  22:08  Marine x3  
  152  22:17  Marine x3  
  152  22:19  Marine x2  
  157  22:23  Marine  
  157  22:25  Marine, Missile Turret  
  157  22:27  Marine  
  157  22:28  Marine, Missile Turret x2  
  161  22:30  Viking  
  161  22:31  Missile Turret  
  161  22:33  Viking, Missile Turret  
  161  22:35  Marine x2  
  167  22:39  Viking x2  
  167  22:41  Viking  
  167  22:43  Raven, Marine x2  
  175  22:47  Marine x2  
  177  22:51  Marine x2  
  177  22:54  Viking  
  177  22:57  Marine x2  
  183  22:59  Marine  
  183  23:03  Marine  
  183  23:05  Marine  
  186  23:07  Marine x2  
  186  23:08  Medivac, Viking  
  186  23:09  Viking  
  196  23:13  Marine  
  196  23:17  Marine, Missile Turret  
  198  23:20  Missile Turret  
  198  23:26  Marine  
  199  23:27  Marine  
  199  23:28  Marine  
  199  23:29  Marine  
Tags
 
Add a new tag
Caveats
  • Supply blocks, unpowered buildings, or Contaminate may cause inaccurate times.
  • Supply counts are checked every 10 seconds.